[Event "Late-Titled-Tuesday-Blitz-September-26-2023"]
[Site "Chess.com"]
[Date "2023.09.26"]
[Round "5"]
[White "Polish_fighter3000"]
[Black "JoakimVonAnd"]
[Result "1-0"]
[WhiteElo "3078"]
[BlackElo "2724"]
[TimeControl "180+1"]
[EndTime "14:51:06 PDT"]
[Termination "Polish_fighter3000 won by resignation"]

1. d4 d5 2. c4 e6 3. Nf3 Nf6 4. g3 dxc4 5. Bg2 Nbd7 6. O-O Rb8 7. a4 a6 8. a5 b5 9. axb6 Nxb6 10. Ne5 Bb7 11. Nc6 Bxc6 12. Bxc6+ Nfd7 13. e4 Be7 14.
Qg4 Kf8 15. Bf4 h5 16. Qe2 h4 17. Nc3 Bg5 18. Bxg5 Qxg5 19. f4 Qg6 20. g4 h3 21.
Rxa6 Rh4 22. g5 e5 23. Bxd7 Nxd7 24. Rxg6 1-0

[Event "Late-Titled-Tuesday-Blitz-September-26-2023"]
[Site "Chess.com"]
[Date "2023.09.26"]
[Round "5"]
[White "Jaka_Brilej"]
[Black "Kombinator01"]
[Result "0-1"]
[WhiteElo "2512"]
[BlackElo "2431"]
[TimeControl "180+1"]
[EndTime "14:51:10 PDT"]
[Termination "Kombinator01 won by checkmate"]

1. e4 e5 2. Nf3 Nf6 3. d4 Nxe4 4. Bd3 Nc6 5. Bxe4 d5 6. Bxd5 Qxd5 7. Nc3 Bb4 8. dxe5 Bxc3+ 9. bxc3 Qxd1+ 10. Kxd1 Bg4 11. Bf4 O-O-O+ 12. Kc1 Rhe8 13. Re1 Rd5 14. Bg3 Bxf3 15.
gxf3 Nxe5 16. Kb2 Rb5+ 17. Ka3 Re6 18. Ka4 Rb2 19. Ka3 Nc4+ 20. Ka4 b5# 0-1

[Event "Late-Titled-Tuesday-Blitz-September-26-2023"]
[Site "Chess.com"]
[Date "2023.09.26"]
[Round "5"]
[White "WPWPWP-2015"]
[Black "MergenKakabaev"]
[Result "1-0"]
[WhiteElo "2503"]
[BlackElo "2651"]
[TimeControl "180+1"]
[EndTime "14:51:15 PDT"]
[Termination "WPWPWP-2015 won by resignation"]

1. e4 e6 2. d4 d5 3. Nc3 Nf6 4. Bg5 Bb4 5. Ne2 h6 6. Bxf6 Qxf6 7. a3 Bxc3+ 8. Nxc3 c6 9. Qd2 O-O 10. O-O-O dxe4 11. Nxe4 Qe7 12. Bd3 Nd7 13. f4 Nf6 14. Nf2 b6 15. g4 Nd5 16. g5 h5 17. Rhg1 g6 18. Ne4 Kg7 19. c4 Nc7 20. Qe3 Bb7 21. Nf6 Ne8 22. f5 Qd6 23. c5 Qc7 24. Nxh5+ gxh5 25. f6+ Kh8 26. Qe4 1-0

[Event "Late-Titled-Tuesday-Blitz-September-26-2023"]
[Site "Chess.com"]
[Date "2023.09.26"]
[Round "5"]
[White "zajka-molotok"]
[Black "Sulthankan"]
[Result "1-0"]
[WhiteElo "2559"]
[BlackElo "2333"]
[TimeControl "180+1"]
[EndTime "14:51:16 PDT"]
[Termination "zajka-molotok won by resignation"]

1. e4 c5 2. Nf3 d6 3. Bb5+ Bd7 4.
Bxd7+ Nxd7 5. O-O Ngf6 6. Re1 e6 7. c3 Be7 8. d4 O-O 9. e5 Ne8 10.
Bf4 cxd4 11. cxd4 dxe5 12. dxe5 Nc7 13. Nc3 Nb6 14. Qb3 Ncd5 15. Rad1 Qc8 16. Nxd5 Nxd5 17.
Bg3 a5 18. Nd4 Bb4 19. Re2 Rd8 20. Nb5 a4 21. Qf3 Qc2 22. Rxc2 1-0

[Event "Late-Titled-Tuesday-Blitz-September-26-2023"]
[Site "Chess.com"]
[Date "2023.09.26"]
[Round "5"]
[White "Ermito2020"]
[Black "GreatOwl02"]
[Result "1-0"]
[WhiteElo "2611"]
[BlackElo "2455"]
[TimeControl "180+1"]
[EndTime "14:51:25 PDT"]
[Termination "Ermito2020 won by resignation"]

1. e4 e5 2. Nf3 Nc6 3. Bc4 Nf6 4. Ng5 d5 5. exd5 Na5 6. Bb5+ c6 7. dxc6 bxc6 8. Bd3 Nd5 9. h4 h6 10. Qh5 g6 11. Bxg6 fxg6 12. Qxg6+ Kd7 13. Nf7 Qe7 14. Nxh8 Bg7 15. Nf7 Ba6 16. Qxg7 1-0

[Event "Late-Titled-Tuesday-Blitz-September-26-2023"]
[Site "Chess.com"]
[Date "2023.09.26"]
[Round "5"]
[White "JM2005GM"]
[Black "AlexPapasimakopoulos"]
[Result "0-1"]
[WhiteElo "2490"]
[BlackElo "2712"]
[TimeControl "180+1"]
[EndTime "14:51:29 PDT"]
[Termination "AlexPapasimakopoulos won by resignation"]

1. e4 e6 2. d4 d5 3. e5 Bd7 4. Nf3 a6 5. a4 c5 6. c3 Nc6 7.
Be2 Qb6 8. O-O cxd4 9. cxd4 Nge7 10. Nc3 Nf5 11. g4 Nfxd4 12. Nxd4 Nxd4 13. Be3 Nxe2+ 14. Qxe2 d4 15. a5 Qa7 16. Rfd1 dxe3 17. Qc4 exf2+ 18.
Kf1 Bc6 19. b4 Rc8 20. Qd3 Bxb4 0-1

[Event "Late-Titled-Tuesday-Blitz-September-26-2023"]
[Site "Chess.com"]
[Date "2023.09.26"]
[Round "5"]
[White "midedu"]
[Black "arminmusovic"]
[Result "0-1"]
[WhiteElo "2031"]
[BlackElo "2507"]
[TimeControl "180+1"]
[EndTime "14:51:29 PDT"]
[Termination "arminmusovic won by resignation"]

1. e4 c6 2. d4 d5 3. Nc3 dxe4 4. Nxe4 Nf6 5. Ng3 e5 6. Nf3 exd4 7.
Qxd4 Qxd4 8. Nxd4 Bc5 9. Nb3 Bb6 10. a4 a5 11. Be2 O-O 12. O-O Re8 13. Bg5 Nbd7 14. Rad1 h6 15. Bc1 Nc5 16. Be3 Nxa4 17.
Bxb6 Nxb6 18. Bf3 Nc4 19. Rb1 a4 20. Nd4 Nd2 21. Ra1 Nxf1 22. Nxf1 Bg4 23. Ne3 Bxf3 24. Nxf3 Nd5 25. Nc4 Nb4 26. c3 Nd3 27. Rd1 Rad8 28. Kf1 b5 0-1

[Event "Late-Titled-Tuesday-Blitz-September-26-2023"]
[Site "Chess.com"]
[Date "2023.09.26"]
[Round "5"]
[White "Alphafischer2019"]
[Black "Good_Knight_Kiss"]
[Result "1-0"]
[WhiteElo "2586"]
[BlackElo "2423"]
[TimeControl "180+1"]
[EndTime "14:51:40 PDT"]
[Termination "Alphafischer2019 won by resignation"]

1. Nf3 Nf6 2. g3 g6 3. Bg2 Bg7 4. O-O O-O 5. c4 d6 6. d4 Nbd7 7. Nc3 e5 8. e4 c6 9. Re1 Qb6 10. d5 cxd5 11. cxd5 Ng4 12. Qe2 f5 13. h3 Ngf6 14. Be3 Qb4 15. a3 Qb3 16. Nd2 Qxb2 17. Nb5 Nxe4 18. Nxe4 fxe4 19. Qxb2 1-0

[Event "Late-Titled-Tuesday-Blitz-September-26-2023"]
[Site "Chess.com"]
[Date "2023.09.26"]
[Round "5"]
[White "Mesa_1"]
[Black "stregachess"]
[Result "1-0"]
[WhiteElo "2619"]
[BlackElo "2092"]
[TimeControl "180+1"]
[EndTime "14:52:03 PDT"]
[Termination "Mesa_1 won by checkmate"]

1. e4 c5 2. Nf3 d6 3. Nc3 g6 4. d4 cxd4 5. Nxd4 Bg7 6. Be3 Nc6 7. f3 Nf6 8. Qd2 O-O 9. O-O-O Nxd4 10. Bxd4 Be6 11.
Kb1 a6 12. h4 Rc8 13. h5 b5 14.
g4 b4 15. Nd5 Bxd5 16. exd5 a5 17. hxg6 fxg6 18. Bd3 a4 19. Qh2 b3 20. cxb3 axb3 21. a3 Rc2 22. Bxc2 bxc2+ 23. Qxc2 Qb8 24. Bc3 Rc8 25. Qd3 Qb6 26. Rhe1 Rc7 27. Bd4 Qb8 28. g5 Nh5 29. Bxg7 Nxg7 30. Rc1 Rb7 31. b4 Nf5 32.
Rc4 Qa8 33. Rec1 Qa7 34. Rc8+ Kg7 35. Qc3+ Kf7 36. Qh8 Qxa3 37. Qf8# 1-0

[Event "Late-Titled-Tuesday-Blitz-September-26-2023"]
[Site "Chess.com"]
[Date "2023.09.26"]
[Round "5"]
[White "Andrej2004"]
[Black "mitrabhaa"]
[Result "0-1"]
[WhiteElo "2572"]
[BlackElo "2834"]
[TimeControl "180+1"]
[EndTime "14:52:10 PDT"]
[Termination "mitrabhaa won by resignation"]

1. e4 c6 2. b3 d5 3. exd5 cxd5 4. Bb2 Nf6 5. Nf3 Nc6 6. g3 Bg4 7. Bg2 e6 8. O-O Be7 9. d3 O-O 10. c4 Qc7 11. h3 Bh5 12. Nc3 Rad8 13. cxd5 Nxd5 14.
Rc1 Ndb4 15. g4 Nxd3 16. gxh5 Nxb2 17. Qc2 Nd3 18. Ne2 Qb6 19. Ng3 Nxc1 20. Rxc1 Nb4 21. Qe4 Nd3 22. Rc2 Nxf2 23. Rxf2 Bc5 24. Ng5 Bxf2+ 25. Kh2 Bxg3+ 26. Kxg3 Qc7+ 27. Kh4 g6 28. h6 Qc5 29. Nxe6 Qe7+ 0-1

[Event "Late-Titled-Tuesday-Blitz-September-26-2023"]
[Site "Chess.com"]
[Date "2023.09.26"]
[Round "5"]
[White "Dhaydon19"]
[Black "Roedor"]
[Result "1/2-1/2"]
[WhiteElo "2740"]
[BlackElo "2389"]
[TimeControl "180+1"]
[EndTime "14:52:32 PDT"]
[Termination "Game drawn by repetition"]

1. d4 Nf6 2. Nc3 d5 3. Bf4 g6 4. e3 Bg7 5. Nb5 Na6 6. c3 O-O 7. Nf3 c5 8. Na3 Nb8 9. dxc5 Ne4 10. Be2 Nc6 11. h3 Nxc5 12. O-O Ne4 13. Nb5 a6 14. Nc7 e5 15. Nxa8 exf4 16. Qb3 Be6 17. Qxb7 Qxa8 18. Qxa8 Rxa8 19. exf4 Rb8 20. Rab1 d4 21. cxd4 Nxd4 22.
Nxd4 Bxd4 23. Rbd1 Rxb2 24. Rxd4 Rxe2 25. f3 Ng3 26. Rf2 Re1+ 27. Kh2 Nf1+ 28. Kg1 Ne3+ 29. Kh2 Nf1+ 30. Kg1 Ne3+ 31. Kh2 Nf1+ 1/2-1/2

[Event "Late-Titled-Tuesday-Blitz-September-26-2023"]
[Site "Chess.com"]
[Date "2023.09.26"]
[Round "5"]
[White "glebus008"]
[Black "cthake"]
[Result "1-0"]
[WhiteElo "2273"]
[BlackElo "1896"]
[TimeControl "180+1"]
[EndTime "14:52:36 PDT"]
[Termination "glebus008 won by resignation"]

1. e4 c5 2. Nf3 Nc6 3. Bb5 g6 4.
Bxc6 bxc6 5. O-O Bg7 6. Re1 e5 7.
c3 d6 8. d4 cxd4 9. cxd4 Bg4 10. dxe5 dxe5 11. Qc2 Bxf3 12. Qxc6+ Kf8 13. gxf3 Rc8 14.
Qa4 Qd3 15. Nc3 Qxf3 16. Re3 Qg4+ 17. Rg3 Qe6 18. Be3 a6 19. Rd1 Ne7 20. Nd5 Nxd5 21.
exd5 Qd6 22. b4 f5 23. Bc5 Rxc5 24. bxc5 Qxc5 25. Qxa6 f4 26. Rb3 Qe7 27. Rb8+ Kf7 28. Rb7 1-0

[Event "Late-Titled-Tuesday-Blitz-September-26-2023"]
[Site "Chess.com"]
[Date "2023.09.26"]
[Round "5"]
[White "YellowJacek"]
[Black "leoduarte"]
[Result "1-0"]
[WhiteElo "2328"]
[BlackElo "2475"]
[TimeControl "180+1"]
[EndTime "14:52:38 PDT"]
[Termination "YellowJacek won by resignation"]

1. e4 e5 2. Nf3 Nc6 3. Bb5 a6 4. Ba4 Nf6 5. O-O b5 6. Bb3 Bc5 7. c3 d6 8. d4 Bb6 9. Re1 O-O 10. Nbd2 exd4 11. cxd4 Nxd4 12. Nxd4 Bxd4 13. Nf3 Bb6 14.
Bg5 Bb7 15. Qc2 h6 16. Bh4 Re8 17. e5 Bxf3 18. Bxf6 gxf6 19. Qg6+ Kh8 20. Bxf7 Be4 21. Rxe4 1-0

[Event "Late-Titled-Tuesday-Blitz-September-26-2023"]
[Site "Chess.com"]
[Date "2023.09.26"]
[Round "5"]
[White "Dubs123"]
[Black "SaqoChess_Twitch"]
[Result "0-1"]
[WhiteElo "2355"]
[BlackElo "2634"]
[TimeControl "180+1"]
[EndTime "14:52:39 PDT"]
[Termination "SaqoChess_Twitch won by resignation"]

1. d4 d5 2. c4 e6 3. Nc3 Nf6 4. cxd5 Nxd5 5. e4 Nxc3 6. bxc3 c5 7. Nf3 cxd4 8. cxd4 Bb4+ 9. Bd2 Bxd2+ 10. Qxd2 O-O 11.
Bc4 Nd7 12. O-O b6 13. Rad1 Bb7 14. Rfe1 Rc8 15. Bb3 h6 16. h3 Qf6 17. Re3 b5 18. d5 exd5 19. Bxd5 Bxd5 20. Qxd5 Nc5 21. e5 Qe7 22. Nd4 Ne6 23. Nxb5 Rc5 24. Qd6 Qg5 25. Qa6 Nf4 26. g4 Nxh3+ 27. Kf1 Qxg4 28. Rde1 Rc2 29. Rxh3 0-1

[Event "Late-Titled-Tuesday-Blitz-September-26-2023"]
[Site "Chess.com"]
[Date "2023.09.26"]
[Round "5"]
[White "RCone"]
[Black "Dacean99"]
[Result "1-0"]
[WhiteElo "2418"]
[BlackElo "2551"]
[TimeControl "180+1"]
[EndTime "14:52:41 PDT"]
[Termination "RCone won by resignation"]

1. e4 d6 2. d4 Nf6 3. Nc3 g6 4.
Be3 Bg7 5. Qd2 O-O 6. O-O-O a6 7. h4 b5 8. h5 b4 9. Nd5 Nxe4 10. Qxb4 Nc6 11.
Qe1 e6 12. Nc3 Nxc3 13. Qxc3 Ne7 14. hxg6 fxg6 15. Nf3 Bb7 16. Ng5 Nd5 17. Qd2 Nxe3 18. Qxe3 Qf6 19. Nxh7 Qxf2 20. Qxe6+ Rf7 21. Bc4 d5 22.
Bxd5 Bxd5 23. Qxd5 c6 24. Qxc6 Rb8 25. Qxg6 Rc8 26.
Ng5 Qf4+ 27. Kb1 Rf6 28. Rh8+ 1-0

[Event "Late-Titled-Tuesday-Blitz-September-26-2023"]
[Site "Chess.com"]
[Date "2023.09.26"]
[Round "5"]
[White "Lennis93"]
[Black "Lady_Nika"]
[Result "1/2-1/2"]
[WhiteElo "2722"]
[BlackElo "2514"]
[TimeControl "180+1"]
[EndTime "14:52:43 PDT"]
[Termination "Game drawn by repetition"]

1. Nf3 d5 2. c4 c6 3. d4 e6 4. Nc3 f5 5. Bf4 Nf6 6. e3 Bd6 7. Bxd6 Qxd6 8. Qb3 O-O 9. Qa3 Qd8 10. Be2 Ne4 11. Nxe4 fxe4 12. Ne5 Nd7 13. Nxd7 Bxd7 14. O-O Be8 15. b4 a6 16. c5 Qg5 17. Qc3 Rf6 18.
f4 exf3 19. Rxf3 Rxf3 20. Bxf3 Bg6 21. a4 h5 22. b5 axb5 23. h4 Qxh4 24. axb5 Rxa1+ 25.
Qxa1 Kh7 26. b6 Qg5 27. Kf2 Qh4+ 28. Ke2 Be4 29. Qa7 Bxf3+ 30. gxf3 Qh2+ 31. Kd3 Qh1 32. Qxb7 Qd1+ 33. Kc3 Qc1+ 34. Kb3 Qxe3+ 35. Kc2 Qe2+ 36. Kc1 Qf1+ 37. Kd2 Qf2+ 38. Kc1 Qg1+ 39. Kc2 Qf2+ 40. Kc3 Qe3+ 41. Kc2 Qe2+ 42. Kc1 Qc4+ 43. Kb1 Qb3+ 44. Kc1 Qc3+ 45. Kb1 Qd3+ 46. Kc1 Qc3+ 47. Kb1 Qb3+ 48. Kc1 Qc3+ 1/2-1/2

[Event "Late-Titled-Tuesday-Blitz-September-26-2023"]
[Site "Chess.com"]
[Date "2023.09.26"]
[Round "5"]
[White "The_Princess_Moon"]
[Black "orestn"]
[Result "1-0"]
[WhiteElo "2290"]
[BlackElo "2416"]
[TimeControl "180+1"]
[EndTime "14:52:48 PDT"]
[Termination "The_Princess_Moon won by resignation"]

1. e4 e5 2. Nf3 d6 3. d4 exd4 4.
Nxd4 Nf6 5. Nc3 Be7 6. Be2 O-O 7. Be3 a6 8. a4 Re8 9. O-O c5 10. Nb3 Nc6 11. a5 Be6 12. e5 Nxe5 13. Bg5 Nc6 14. Bf3 Rb8 15. Re1 Bxb3 16. cxb3 Nxa5 17. Bxf6 gxf6 18. Be4 Bf8 19. Qh5 Bg7 20. Qxh7+ Kf8 21. Nd5 Nc6 22. Rad1 Nd4 23. Ne3 Re5 24. f4 Re8 25.
Rxd4 cxd4 26. Nf5 1-0

[Event "Late-Titled-Tuesday-Blitz-September-26-2023"]
[Site "Chess.com"]
[Date "2023.09.26"]
[Round "5"]
[White "Chessdemon2019"]
[Black "GMJustin"]
[Result "1-0"]
[WhiteElo "2395"]
[BlackElo "2220"]
[TimeControl "180+1"]
[EndTime "14:52:48 PDT"]
[Termination "Chessdemon2019 won on time"]

1. e4 c5 2. Nf3 d6 3. d4 cxd4 4. Nxd4 Nf6 5. f3 e5 6. Nb3 d5 7. Bg5 d4 8. c3 Nc6 9. Bb5 Qb6 10. Qd3 Be6 11. cxd4 Bb4+ 12. Bd2 Bxd2+ 13. N1xd2 exd4 14. Bxc6+ bxc6 15. Qxd4 O-O 16. O-O Rfd8 17. Qxb6 axb6 18. Kf2 c5 19. Ke3 Ra7 20. Rfc1 Rad7 21. Nc4 Rd3+ 22. Ke2 Bxc4 23. Rxc4 g5 24. Rc3 Rxc3 25. bxc3 g4 26. Nd2 gxf3+ 27. gxf3 Nh5 28. Nc4 Nf4+ 29. Ke3 Ne6 30.
Nxb6 1-0

[Event "Late-Titled-Tuesday-Blitz-September-26-2023"]
[Site "Chess.com"]
[Date "2023.09.26"]
[Round "5"]
[White "QuintilianoR"]
[Black "Shuvalov"]
[Result "1-0"]
[WhiteElo "2664"]
[BlackElo "2483"]
[TimeControl "180+1"]
[EndTime "14:52:49 PDT"]
[Termination "QuintilianoR won by resignation"]

1. e4 e6 2. d4 d5 3. Bd3 c5 4. exd5 exd5 5. Nf3 c4 6. Be2 Nf6 7. O-O Be7 8. b3 cxb3 9. axb3 O-O 10. c4 Nc6 11. Nc3 Bf5 12. h3 Bb4 13. Nxd5 Nxd5 14. cxd5 Qxd5 15. Bc4 Qd7 16. d5 Ne7 17. Bb2 Bg6 18.
Rxa7 Rxa7 19. Qd4 Nf5 20. Qxa7 Rc8 21. Ne5 Qe7 22. Nd3 Bd6 23. Re1 Qc7 24. Qa1 f6 25. Nf4 Bb4 26. d6+ 1-0

[Event "Late-Titled-Tuesday-Blitz-September-26-2023"]
[Site "Chess.com"]
[Date "2023.09.26"]
[Round "5"]
[White "Lion_DL"]
[Black "alexrustemov"]
[Result "0-1"]
[WhiteElo "2503"]
[BlackElo "2873"]
[TimeControl "180+1"]
[EndTime "14:52:59 PDT"]
[Termination "alexrustemov won by resignation"]

1. d4 d5 2. c4 c6 3. cxd5 cxd5 4. Bf4 Nf6 5. Nc3 Nc6 6. e3 a6 7. Qb3 Na5 8. Qa4+ Bd7 9. Qc2 Rc8 10.
Bd3 e6 11. Nf3 Be7 12. O-O O-O 13. Ne5 b5 14. a3 Nc4 15. Nxd7 Qxd7 16. b3 Nxa3 17.
Qb2 a5 18. Nb1 b4 19. Nxa3 bxa3 20. Qd2 Bb4 21. Qe2 Ne4 22. Bxe4 dxe4 23. f3 Qd5 24. fxe4 Qxe4 25. Rf3 Rc2 26. Qb5 Qd5 27. Qd3 Rd2 28.
Qb1 Rb2 29. Qf1 a2 30. Rg3 f6 31. Bh6 Rf7 32. Rd1 Bf8 33. Qf4 Rb1 0-1

[Event "Late-Titled-Tuesday-Blitz-September-26-2023"]
[Site "Chess.com"]
[Date "2023.09.26"]
[Round "5"]
[White "GoltsevDmitry2000"]
[Black "jup1978"]
[Result "1-0"]
[WhiteElo "2607"]
[BlackElo "2455"]
[TimeControl "180+1"]
[EndTime "14:52:59 PDT"]
[Termination "GoltsevDmitry2000 won by resignation"]

1. e4 c6 2. d4 d5 3. Nc3 dxe4 4. Nxe4 Nf6 5. Ng3 c5 6. Nf3 e6 7.
Bb5+ Bd7 8. Bxd7+ Nbxd7 9. O-O Be7 10. Bf4 O-O 11. dxc5 Nxc5 12. Qe2 Qb6 13. c3 Rfd8 14. Rfd1 Rxd1+ 15. Rxd1 Rd8 16. b3 Rxd1+ 17. Qxd1 Qd8 18. Qxd8+ Bxd8 19. Be3 Bb6 20. Ne5 Ncd7 21. Nxd7 Nxd7 22. Bxb6 Nxb6 23. c4 Kf8 24. Kf1 Ke7 25. Ke2 Nc8 26. Kd3 b6 27. b4 f5 28. c5 bxc5 29.
bxc5 g6 30. Kd4 Kd7 31. Ke5 Ne7 32. Ne2 Nc6+ 33. Kf6 e5 34. Kg7 Nd4 35. Nc3 Kc6 36.
Kxh7 Kxc5 37. Kxg6 Kc4 38. Nd1 Kd3 39. Ne3 f4 40.
Ng4 e4 41. h4 Ke2 42. h5 Kf1 43. h6 Ne6 44. Kf5 Nf8 45. Kxf4 Kxg2 46. Kxe4 Nh7 47. Kf5 Kf3 48. a3 a5 49. Ne5+ Kxf2 50. Nd7 Kg3 51. Kg6 1-0

[Event "Late-Titled-Tuesday-Blitz-September-26-2023"]
[Site "Chess.com"]
[Date "2023.09.26"]
[Round "5"]
[White "Journey_to_GrandMaster_YT"]
[Black "venturov"]
[Result "0-1"]
[WhiteElo "2593"]
[BlackElo "2478"]
[TimeControl "180+1"]
[EndTime "14:53:01 PDT"]
[Termination "venturov won on time"]

1. d4 Nf6 2. Nf3 e6 3. c4 b6 4. Nc3 Bb4 5. e3 Bb7 6. Be2 O-O 7. O-O d5 8. Qb3 a5 9. a3 Be7 10.
cxd5 exd5 11. Ne5 c6 12. f4 b5 13. Bd2 Nbd7 14. Rac1 Nb6 15. Be1 Nc4 16. Nxc4 dxc4 17. Bxc4 bxc4 18. Qxb7 Rb8 19. Qa6 Rxb2 20. Qxc4 Bxa3 21.
Ra1 Be7 22. Qxc6 Qb8 23. Qf3 Rc8 24. Ne4 Nd5 25. Ng5 Nf6 26. Ne4 Nd7 27. Ng3 Qb5 28.
Ne4 a4 0-1

[Event "Late-Titled-Tuesday-Blitz-September-26-2023"]
[Site "Chess.com"]
[Date "2023.09.26"]
[Round "5"]
[White "carloseduar100"]
[Black "dorpato"]
[Result "1-0"]
[WhiteElo "2325"]
[BlackElo "2026"]
[TimeControl "180+1"]
[EndTime "14:53:01 PDT"]
[Termination "carloseduar100 won on time"]

1. d4 Nf6 2. Bg5 d5 3. Nd2 h6 4. Bxf6 exf6 5. g3 c6 6. Bg2 Bf5 7. Ngf3 Bd6 8. O-O O-O 9. c4 dxc4 10. Nxc4 Bc7 11. Qb3 b6 12. Rac1 Be6 13. Qd3 Nd7 14.
e4 Bxc4 15. Qxc4 c5 16. Rfd1 Qe7 17. e5 fxe5 18. dxe5 Nxe5 19. Nxe5 Bxe5 20. Bxa8 Rxa8 21. Re1 Qf6 22. Qd5 Rf8 23. Qxe5 Qf3 24. Rcd1 c4 25. Qe4 Qf6 26. Qxc4 Qxb2 27. Rd7 a5 28. Ree7 b5 29. Qd5 Qc1+ 30. Kg2 1-0

[Event "Late-Titled-Tuesday-Blitz-September-26-2023"]
[Site "Chess.com"]
[Date "2023.09.26"]
[Round "5"]
[White "cristiano78"]
[Black "AsaHoffmann"]
[Result "0-1"]
[WhiteElo "2248"]
[BlackElo "2404"]
[TimeControl "180+1"]
[EndTime "14:53:05 PDT"]
[Termination "AsaHoffmann won by resignation"]

1. d4 Nf6 2. c4 c5 3. d5 e5 4.
Nc3 d6 5. e4 Be7 6. Be2 Nbd7 7.
g4 Nf8 8. g5 N6d7 9. Nf3 Ng6 10.
h4 h6 11. gxh6 gxh6 12. h5 Nh4 13. Be3 Ng2+ 14. Kd2 Nxe3 15. fxe3 Nf6 16. Qc2 a6 17. Rag1 Qa5 18. a3 Bd7 19. Nh4 b5 20. cxb5 axb5 21. Nf5 b4 22. axb4 cxb4 23. Nxe7 bxc3+ 24. bxc3 Kxe7 25.
Ra1 Qxa1 26. Rxa1 Rxa1 27. Qb2 Rha8 28. Kd3 R1a5 29. Qb7 R8a7 30. Qb8 Bb5+ 31. c4 Ra3+ 32. Kc2 Ra2+ 33. Kb3 R7a3+ 34. Kb4 Bd7 35. Bd1 Rb2+ 0-1

[Event "Late-Titled-Tuesday-Blitz-September-26-2023"]
[Site "Chess.com"]
[Date "2023.09.26"]
[Round "5"]
[White "roxannyzoldyck"]
[Black "IngOscarArdila"]
[Result "0-1"]
[WhiteElo "2191"]
[BlackElo "2383"]
[TimeControl "180+1"]
[EndTime "14:53:05 PDT"]
[Termination "IngOscarArdila won by checkmate"]

1. e4 e5 2. Nf3 Nf6 3. Nxe5 d6 4.
Nf3 Nxe4 5. Nc3 Nxc3 6. dxc3 Be7 7. Bd3 O-O 8. Bf4 Nd7 9. Qd2 Nf6 10. O-O-O c5 11. h4 b5 12. Ng5 Qa5 13. Kb1 Be6 14. Nxe6 fxe6 15. Bg5 c4 16. Bxf6 Bxf6 17. Be2 d5 18. g4 b4 19. cxb4 Qb6 20. c3 Qxf2 21. Rdf1 Qb6 22. g5 Be7 23. Bg4 a5 24. Re1 axb4 25.
Rxe6 Qa7 26. b3 bxc3 27. Qxd5 Qxa2+ 28. Kc1 Qb2+ 29. Kd1 Ra1# 0-1

[Event "Late-Titled-Tuesday-Blitz-September-26-2023"]
[Site "Chess.com"]
[Date "2023.09.26"]
[Round "5"]
[White "nitpicker"]
[Black "aranibos"]
[Result "1-0"]
[WhiteElo "2246"]
[BlackElo "2275"]
[TimeControl "180+1"]
[EndTime "14:53:05 PDT"]
[Termination "nitpicker won on time"]

1. d4 Nf6 2. c4 c5 3. d5 b5 4.
cxb5 a6 5. e3 axb5 6. Bxb5 Qa5+ 7. Nc3 Ba6 8. Be2 g6 9. Nf3 Bg7 10. O-O O-O 11. e4 d6 12. h3 Nbd7 13. Re1 Bxe2 14.
Rxe2 Ne8 15. Qc2 Nc7 16. Bf4 Rfb8 17. e5 dxe5 18. Nxe5 Nxe5 19. Bxe5 Rb7 20. Bxg7 Kxg7 21. Rxe7 Rab8 22. Qe4 Rxb2 23. Qe5+ Kg8 24. Rxc7 Rf8 25. Ne4 1-0

[Event "Late-Titled-Tuesday-Blitz-September-26-2023"]
[Site "Chess.com"]
[Date "2023.09.26"]
[Round "5"]
[White "nihalsarin"]
[Black "lamomiajunior"]
[Result "0-1"]
[WhiteElo "3072"]
[BlackElo "2747"]
[TimeControl "180+1"]
[EndTime "14:53:10 PDT"]
[Termination "lamomiajunior won by resignation"]

1. a3 d5 2. g3 Nf6 3. e3 Bf5 4. h3 h6 5. d3 e6 6. Bg2 Be7 7. b3 O-O 8. Bb2 a5 9. Nd2 a4 10. b4 c5 11. bxc5 Bxc5 12. Ne2 Nc6 13. g4 Bh7 14.
Ng3 Bd6 15. h4 Bxg3 16. fxg3 Qb6 17. Bxf6 Qxe3+ 18. Qe2 Qxe2+ 19. Kxe2 gxf6 20. Ke3 Rac8 21. Rhc1 Ne5 22. Bf3 Rc7 23. Bd1 Rfc8 24. Rcb1 Nc6 25. Nf3 e5 26. g5 hxg5 27. hxg5 e4 28. g6 Bxg6 29. Nh4 d4+ 30. Kd2 e3+ 31. Ke1 Ne5 32.
Rb4 Rxc2 33. Bxc2 Rxc2 34. Rxd4 Nxd3+ 35. Rxd3 Bxd3 36. Rd1 Re2+ 37. Kf1 Rf2+ 38. Kg1 e2 39. Kxf2 exd1=Q 0-1

[Event "Late-Titled-Tuesday-Blitz-September-26-2023"]
[Site "Chess.com"]
[Date "2023.09.26"]
[Round "5"]
[White "NigelDwarf"]
[Black "GAO"]
[Result "1-0"]
[WhiteElo "2545"]
[BlackElo "2333"]
[TimeControl "180+1"]
[EndTime "14:53:12 PDT"]
[Termination "NigelDwarf won by resignation"]

1. Nf3 Nf6 2. g3 d5 3. Bg2 Bg4 4. O-O e6 5. c4 Be7 6. Qb3 Qc8 7. Nc3 O-O 8. cxd5 exd5 9. Nxd5 Nxd5 10. Qxd5 Be6 11. Qe4 Nd7 12. d4 Nf6 13. Qc2 Bf5 14. Qd1 c6 15. Bf4 Rd8 16. Ne5 Bh3 17. Qb3 Nd5 18. Bxh3 Qxh3 19. e4 g5 20. exd5 gxf4 21. d6 Bxd6 22. Qxf7+ Kh8 23. Qf6+ Kg8 24. Nf7 Bf8 25.
Nxd8 Rxd8 26. Qg5+ Kh8 27. Qxd8 Kg8 28. Qg5+ Kh8 29. Qxf4 1-0

[Event "Late-Titled-Tuesday-Blitz-September-26-2023"]
[Site "Chess.com"]
[Date "2023.09.26"]
[Round "5"]
[White "maurovargas01"]
[Black "falzehope0"]
[Result "0-1"]
[WhiteElo "1906"]
[BlackElo "2342"]
[TimeControl "180+1"]
[EndTime "14:53:12 PDT"]
[Termination "falzehope0 won on time"]

1. e4 d5 2. e5 c5 3. f4 Nc6 4. Nf3 Bf5 5. Bb5 e6 6. Bxc6+ bxc6 7. d3 Be7 8. O-O Rb8 9. Nc3 g6 10. b3 h5 11. h3 h4 12. Na4 Qa5 13. c4 Qa6 14. Kh2 Rb7 15. Ba3 Qa5 16. Bb2 Rd7 17. Bc3 Qa6 18. Qe2 dxc4 19. dxc4 Bd3 20. Qf2 Bxf1 21.
Rxf1 Nh6 22. Nd2 Nf5 23. Ne4 Kf8 24. Naxc5 Qc8 25. Nxd7+ Qxd7 26. Re1 Qd3 0-1

[Event "Late-Titled-Tuesday-Blitz-September-26-2023"]
[Site "Chess.com"]
[Date "2023.09.26"]
[Round "5"]
[White "Vadim_Biliy"]
[Black "ZuraTqebuchava"]
[Result "1-0"]
[WhiteElo "2313"]
[BlackElo "2235"]
[TimeControl "180+1"]
[EndTime "14:53:13 PDT"]
[Termination "Vadim_Biliy won by resignation"]

1. d4 d5 2. Nf3 Nf6 3. e3 e6 4. c4 Bb4+ 5. Bd2 Bxd2+ 6. Nbxd2 dxc4 7. Nxc4 O-O 8. Be2 b6 9. O-O Bb7 10. Nfe5 Nbd7 11. Bf3 Nxe5 12. Nxe5 Nd5 13. Rc1 Rc8 14. Nc6 Bxc6 15. Rxc6 a5 16. a3 Qd7 17. Qc2 Ne7 18. Rc4 c6 19. Rc1 b5 20. Rc5 Nd5 21. Rxc6 Rxc6 22.
Qxc6 Qxc6 23. Rxc6 b4 24. Bxd5 exd5 25. axb4 axb4 26.
Rb6 Rc8 27. g3 g6 28. Rxb4 Rc2 29. Rb5 Kg7 30. b4 Kf6 31. Rxd5 Rb2 32. b5 1-0

[Event "Late-Titled-Tuesday-Blitz-September-26-2023"]
[Site "Chess.com"]
[Date "2023.09.26"]
[Round "5"]
[White "NovikovaGalina"]
[Black "GianmarcoVaR"]
[Result "0-1"]
[WhiteElo "2425"]
[BlackElo "2590"]
[TimeControl "180+1"]
[EndTime "14:53:16 PDT"]
[Termination "GianmarcoVaR won by checkmate"]

1. e4 a6 2. d4 b5 3. f3 e6 4.
Bd3 c5 5. dxc5 Bxc5 6. Nc3 Nf6 7. Qe2 d6 8. Be3 Qc7 9. O-O-O O-O 10. g4 b4 11. Nb1 Nfd7 12. h4 a5 13. h5 a4 14. h6 g6 15. Bxc5 Nxc5 16. Nh3 Nc6 17. Nd2 Nd4 18. Qe3 e5 19. Kb1 Be6 20. Bc4 a3 21. Bxe6 Ncxe6 22. Qd3 axb2 23. Kxb2 Qa7 24. Ra1 Rfc8 25. Rhc1 Nc5 26. Qe3 Na4+ 27. Kb1 Nc3+ 28. Kb2 Qa3# 0-1